Map: Interloper LE

Players

Warren

  • Race: Zerg Zerg
  • League: Grandmaster
  • Spawn Location: 5:00

AntoineDess - Winner!

  • Race: Protoss Protoss
  • League: Grandmaster
  • Spawn Location: 11:00

Event: HopeTL

VOD

https://www.youtube.com/watch?v=9bOc8rEuMS8&index=8&list=PL9QsjkBYtQM7NVZEDVfaNugqO61aBOlm6

Description

Time

  • Played on: Sept. 26, 2017, 7:57 p.m.
  • Length: 10:23
Show
View Real Time Build Order
Export as new Build Order

Warren Zerg 

Build Orders: Hatch First 

Get SALT Encoding   

  12  0:02  Drone  
  13  0:12  Overlord  
  13  0:17  Drone  
  14  0:31  Drone x2  
  16  0:35  Drone  
  17  0:53  Hatchery  
  17  0:55  Drone  
  17  0:58  Drone  
  18  1:06  Extractor  
  17  1:14  Spawning Pool  
  17  1:16  Drone  
  17  1:20  Drone  
  18  1:29  Drone  
  19  1:40  Drone  
  20  1:49  Overlord  
  20  2:00  Queen  
  22  2:06  Drone x2, Queen  
  26  2:11  Metabolic Boost  
  26  2:16  Drone x2  
  28  2:24  Drone  
  28  2:28  Drone  
  30  2:36  Drone  
  31  2:37  Drone  
  31  2:42  Hatchery  
  31  2:47  Queen  
  33  2:54  Overlord  
  33  2:56  Zergling x4  
  35  3:00  Drone  
  36  3:14  Overlord  
  36  3:18  Drone x2  
  36  3:19  Drone x5  
  43  3:32  Overlord  
  43  3:38  Overlord, Evolution Chamber, Queen  
  43  3:39  Overlord  
  45  3:55  Drone x2  
  45  3:56  Drone x6, Queen  
  54  4:05  Zerg Melee Weapons Level 1  
  54  4:07  Extractor  
  53  4:10  Roach Warren  
  53  4:13  Drone x5  
  57  4:20  Drone x3  
  57  4:21  Drone x2  
  61  4:29  Overlord x2  
  60  4:36  Lair  
  60  4:38  Zergling x8  
  64  4:39  Zergling x2  
  65  4:49  Overlord  
  65  4:53  Drone x4  
  65  4:55  Extractor  
  65  4:56  Roach x4  
  65  4:58  Spore Crawler  
  65  4:59  Spore Crawler  
  74  5:00  Drone  
  74  5:03  Spore Crawler  
  74  5:09  Roach x3  
  74  5:11  Drone x2  
  74  5:12  Drone  
  83  5:20  Roach x2  
  87  5:23  Drone  
  88  5:31  Drone  
  88  5:32  Drone x3  
  88  5:33  Overlord x3  
  88  5:34  Glial Reconstitution, Extractor  
  90  5:36  Extractor  
  89  5:50  Hatchery, Overseer  
  89  5:52  Overlord x2  
  89  5:53  Drone  
  89  5:54  Drone x5  
  89  5:55  Drone  
  95  5:58  Zergling x2, Hydralisk Den  
  95  5:59  Zergling x2  
  96  6:12  Zerg Melee Weapons Level 2  
  96  6:14  Drone x2  
  96  6:15  Overlord, Drone x3  
  96  6:16  Overlord, Extractor  
  100  6:26  Zergling x10  
  100  6:28  Muscular Augments  
  100  6:30  Baneling Nest  
  100  6:31  Overseer  
  104  6:48  Hydralisk  
  104  6:49  Hydralisk x5  
  104  6:52  Drone  
  104  6:53  Drone x3  
  104  6:54  Drone x2  
  122  7:02  Zergling x2  
  122  7:03  Zergling x6  
  126  7:10  Zergling x2  
  126  7:13  Centrifical Hooks  
  127  7:19  Drone x5  
  127  7:20  Drone  
  127  7:21  Spore Crawler  
  126  7:35  Drone  
  126  7:36  Drone  
  126  7:40  Zergling x2  
  126  7:41  Zergling x16  
  135  7:47  Spine Crawler  
  135  7:49  Overlord x3, Hydralisk x4  
  142  7:55  Ravager x9  
  151  8:01  Baneling x5  
  151  8:03  Overlord x6  
  151  8:11  Drone x4  
  155  8:13  Extractor  
  155  8:15  Extractor  
  153  8:23  Baneling x5  
  153  8:24  Zergling x6  
  153  8:25  Zergling x22, Hatchery  
  153  8:26  Baneling x6  
  166  8:28  Baneling x3  
  166  8:29  Baneling x3  
  164  8:35  Zergling x8  
  150  8:59  Zergling x30  
  150  9:02  Baneling x8  
  162  9:03  Baneling x13  
  162  9:13  Hydralisk x5  
  140  9:33  Zergling x20  
  140  9:34  Zergling x8  
  123  9:38  Hydralisk  
  123  9:41  Hydralisk x3  
  99  10:01  Zergling x16  
Show
View Real Time Build Order
Export as new Build Order

AntoineDess Protoss - Winner!

Build Orders: 1 Gate Expand, Zealot Archon 

Get SALT Encoding   

  12  0:01  Probe (Chrono Boost)  
  13  0:12  Probe (Chrono Boost)  
  14  0:18  Pylon  
  14  0:22  Probe (Chrono Boost)  
  15  0:36  Probe (Chrono Boost)  
  15  0:38  Gateway  
  16  0:47  Probe (Chrono Boost)  
  16  0:48  Assimilator  
  17  0:58  Probe (Chrono Boost)  
  18  1:08  Probe (Chrono Boost)  
  19  1:19  Probe (Chrono Boost)  
  20  1:25  Nexus  
  20  1:35  Cybernetics Core  
  20  1:37  Probe (Chrono Boost)  
  21  1:42  Assimilator  
  21  1:47  Probe (Chrono Boost)  
  21  1:52  Pylon  
  22  1:58  Probe (Chrono Boost)  
  23  2:10  Probe (Chrono Boost)  
  23  2:11  Adept  
  23  2:12  Warp Gate  
  26  2:21  Mothership Core (Chrono Boost)  
  28  2:37  Probe (Chrono Boost)  
  28  2:39  Adept, Probe (Chrono Boost)  
  28  2:42  Robotics Facility  
  32  2:48  Probe (Chrono Boost)  
  32  2:50  Probe (Chrono Boost)  
  35  2:58  Probe (Chrono Boost)  
  35  3:00  Probe (Chrono Boost)  
  35  3:03  Pylon  
  36  3:06  Sentry  
  36  3:09  Probe (Chrono Boost)  
  36  3:11  Probe (Chrono Boost)  
  40  3:19  Probe (Chrono Boost)  
  41  3:20  Gateway  
  41  3:21  Probe (Chrono Boost)  
  41  3:25  Gateway  
  42  3:30  Probe (Chrono Boost)  
  42  3:34  Warp Prism  
  43  3:36  Probe (Chrono Boost)  
  46  3:42  Probe (Chrono Boost)  
  46  3:43  Pylon  
  46  3:47  Probe (Chrono Boost)  
  48  3:50  Pylon  
  48  3:53  Probe (Chrono Boost)  
  49  3:57  Probe (Chrono Boost)  
  49  3:58  Assimilator  
  49  4:02  Assimilator  
  50  4:03  Probe (Chrono Boost)  
  50  4:08  Probe (Chrono Boost)  
  52  4:12  Observer  
  52  4:14  Probe (Chrono Boost)  
  54  4:17  Sentry  
  54  4:18  Zealot  
  58  4:24  Probe (Chrono Boost)  
  58  4:25  Pylon, Probe (Chrono Boost)  
  60  4:32  Nexus  
  60  4:34  Pylon  
  60  4:35  Probe (Chrono Boost)  
  60  4:37  Probe (Chrono Boost)  
  62  4:42  Adept x2  
  67  4:45  Probe (Chrono Boost)  
  67  4:46  Sentry  
  67  4:51  Probe (Chrono Boost)  
  70  4:55  Probe (Chrono Boost)  
  70  4:57  Immortal (Chrono Boost)  
  75  5:05  Probe  
  76  5:08  Twilight Council  
  76  5:09  Probe  
  76  5:10  Forge  
  77  5:15  Probe  
  78  5:21  Probe  
  79  5:30  Probe  
  79  5:31  Immortal (Chrono Boost)  
  79  5:33  Probe  
  85  5:35  Protoss Ground Weapons Level 1  
  85  5:40  Gateway, Probe  
  86  5:43  Gateway x2, Probe  
  86  5:46  Charge (Chrono Boost)  
  86  5:49  Pylon  
  87  5:52  Probe x2  
  87  5:56  Assimilator, Probe  
  90  6:02  Assimilator  
  90  6:03  Templar Archives  
  90  6:04  Probe x2  
  91  6:11  Immortal  
  92  6:13  Pylon  
  92  6:14  Probe  
  92  6:16  Probe  
  98  6:19  Probe  
  99  6:26  Probe  
  100  6:34  Gateway  
  100  6:35  Gateway  
  100  6:36  Photon Cannon  
  100  6:37  Gateway  
  100  6:39  Photon Cannon  
  100  6:45  Immortal  
  100  6:49  High Templar x5  
  100  6:53  Photon Cannon  
  114  6:55  Archon x2  
  114  6:56  High Templar  
  116  7:02  Nexus  
  116  7:03  Pylon  
  116  7:07  Archon  
  116  7:08  Pylon  
  116  7:18  Pylon  
  116  7:20  Pylon  
  116  7:26  Protoss Ground Weapons Level 2  
  116  7:27  Immortal  
  116  7:33  Photon Cannon  
  116  7:35  High Templar x2, Photon Cannon  
  116  7:36  High Templar x2, Zealot  
  116  7:37  Zealot  
  128  7:40  Photon Cannon  
  128  7:41  Archon x2  
  128  7:44  Assimilator  
  128  7:49  Photon Cannon  
  128  7:50  Pylon, Assimilator  
  128  7:52  Probe x3  
  131  7:59  Blink (Chrono Boost)  
  131  8:13  High Templar x2  
  131  8:14  Zealot x5  
  131  8:15  Zealot x2  
  131  8:17  Warp Prism  
  131  8:18  Archon  
  137  8:35  Probe  
  137  8:37  Probe  
  139  8:43  Zealot x4  
  139  8:44  Zealot x2  
  143  9:13  Zealot  
  143  9:14  Zealot x5  
  152  9:18  Zealot x3  
  116  9:38  Zealot x8  
  118  9:55  Zealot  
  104  10:00  Zealot  
  104  10:01  Zealot x6  
  104  10:18  Stalker  
Tags
 
Add a new tag
Caveats
  • Supply blocks, unpowered buildings, or Contaminate may cause inaccurate times.
  • Supply counts are checked every 10 seconds.